Map: Zen LE

Players

Climbingbum - Winner!

  • Race: Terran Terran
  • League: Platinum
  • Spawn Location: 1:00

antagomiR

  • Race: Protoss Protoss
  • League: Gold
  • Spawn Location: 7:00

VOD

Have the link to the VOD?

Description

Time

  • Played on: April 19, 2020, 6:40 p.m.
  • Length: 28:28
Show
View Real Time Build Order
Export as new Build Order

Climbingbum Terran - Winner!

Build Orders:  

Get SALT Encoding   

  12  0:01  SCV  
  13  0:13  SCV  
  14  0:25  SCV  
  14  0:27  Supply Depot  
  15  0:32  Refinery  
  15  0:36  Refinery  
  15  0:51  Barracks  
  15  0:52  SCV  
  17  1:04  SCV  
  17  1:16  SCV  
  18  1:37  SCV  
  18  1:39  Supply Depot  
  19  1:43  Factory  
  19  1:50  SCV  
  20  2:02  SCV  
  21  2:09  Marine  
  21  2:14  Orbital Command  
  22  2:28  Factory Tech Lab  
  22  2:30  Marine  
  22  2:31  Starport  
  23  2:40  SCV  
  24  2:48  Marine  
  25  2:52  SCV, Siege Tank  
  29  3:04  SCV  
  30  3:11  Starport Tech Lab  
  30  3:13  Fusion Core  
  30  3:17  SCV  
  30  3:18  Supply Depot  
  31  3:35  Bunker  
  31  3:40  SCV  
  32  3:42  Supply Depot  
  32  4:00  Battlecruiser  
  38  4:16  Command Center  
  38  4:21  SCV  
  38  4:23  Starport  
  39  4:32  Barracks  
  39  4:33  SCV  
  40  4:41  Engineering Bay  
  40  4:47  Cloaking Field  
  40  4:59  Starport Tech Lab  
  40  5:02  Starport  
  40  5:20  Barracks  
  40  5:27  Missile Turret  
  40  5:29  Refinery  
  40  5:37  Hyperflight Rotors  
  40  5:39  Banshee x2  
  40  5:40  Orbital Command  
  46  5:50  Bunker, Starport Tech Lab  
  46  5:58  Supply Depot  
  46  6:00  Barracks Reactor, Barracks Tech Lab  
  46  6:08  SCV  
  47  6:13  Refinery  
  47  6:18  Barracks Reactor  
  47  6:20  SCV  
  47  6:23  Banshee  
  51  6:32  SCV  
  52  6:34  Missile Turret  
  52  6:43  Marine x2  
  52  6:44  SCV  
  55  6:55  Bunker  
  55  6:56  SCV, Marine  
  55  6:58  Stimpack  
  57  7:03  Supply Depot  
  57  7:04  Banshee  
  61  7:08  SCV  
  61  7:20  SCV  
  62  7:31  Banshee x2  
  62  7:32  SCV  
  62  7:36  Supply Depot  
  69  7:40  Armory  
  69  7:44  SCV  
  69  7:47  Marine x4, Banshee  
  69  7:48  Marine  
  78  7:54  Missile Turret  
  78  7:57  SCV, Siege Tank  
  82  8:04  Supply Depot  
  82  8:09  SCV  
  83  8:21  SCV  
  84  8:33  SCV  
  85  8:46  SCV  
  86  8:49  Supply Depot  
  86  8:54  Marine  
  86  8:55  Marine x4  
  88  8:58  SCV  
  88  8:59  Command Center  
  92  9:10  SCV  
  93  9:17  Sensor Tower  
  93  9:22  SCV  
  93  9:23  Terran Vehicle Weapons Level 1  
  94  9:24  Supply Depot  
  94  9:27  Terran Infantry Weapons Level 1  
  94  9:33  Marine x3  
  94  9:34  Marine x2  
  94  9:35  Combat Shield  
  99  9:51  Marine x5  
  104  9:58  Supply Depot  
  104  10:04  Command Center  
  104  10:09  Marine x4  
  108  10:34  Medivac x3  
  114  10:36  Marine  
  114  10:37  Marine x4  
  114  10:39  Command Center  
  119  10:54  Marine  
  119  10:55  Marine x4  
  124  11:00  Command Center  
  124  11:04  Medivac x2  
  128  11:12  Marine x2, Supply Depot  
  128  11:13  Marine, Supply Depot  
  128  11:17  Terran Vehicle And Ship Armor Level 1  
  128  11:18  Planetary Fortress  
  131  11:21  Terran Infantry Armor Level 1  
  131  11:33  Planetary Fortress  
  131  11:34  Missile Turret  
  131  11:36  Engineering Bay  
  131  11:53  Missile Turret  
  131  12:06  Missile Turret  
  131  12:08  Planetary Fortress  
  131  12:11  Marine  
  131  12:12  Marine x4  
  131  12:14  Supply Depot  
  131  12:15  Terran Infantry Weapons Level 2  
  136  12:22  SCV  
  137  12:25  Supply Depot  
  137  12:29  Marine  
  138  12:30  Marine x4  
  138  12:34  SCV  
  143  12:43  Missile Turret  
  143  12:45  SCV  
  143  12:46  SCV  
  143  12:47  Marine  
  146  12:57  SCV  
  146  12:58  SCV  
  148  12:59  Marine  
  148  13:00  Marine  
  148  13:05  Marine  
  150  13:09  SCV  
  150  13:10  SCV  
  148  13:17  Marine x2  
  143  13:21  SCV  
  143  13:22  Marine  
  143  13:25  Marine  
  143  13:26  Marine  
  135  13:33  SCV  
  135  13:34  Refinery  
  130  13:35  Marine x2  
  130  13:38  Missile Turret  
  130  13:40  Marine  
  133  13:43  Marine  
  133  13:44  Marine  
  133  13:46  Supply Depot  
  133  13:47  Armory  
  133  13:48  Terran Infantry Armor Level 2  
  135  13:50  Terran Vehicle Weapons Level 2  
  135  13:52  Marine  
  135  13:53  Marine  
  137  13:58  Marine  
  137  14:01  Marine  
  137  14:02  Marine  
  140  14:04  SCV  
  140  14:07  Missile Turret  
  140  14:08  Refinery  
  140  14:09  Weapon Refit  
  141  14:10  Marine  
  141  14:11  Marine  
  141  14:15  Planetary Fortress  
  141  14:16  Marine, SCV  
  145  14:19  Marine x2  
  147  14:28  SCV  
  148  14:40  SCV  
  148  14:42  Sensor Tower  
  149  14:47  Sensor Tower, Refinery  
  149  14:52  SCV  
  122  15:31  Battlecruiser  
  122  15:32  Battlecruiser x2  
  127  15:35  Starport  
  127  15:56  Terran Vehicle And Ship Armor Level 2  
  127  15:58  Marine x4  
  127  15:59  Marine  
  126  16:16  Marine x5  
  126  16:17  Starport Reactor  
  131  16:21  SCV  
  131  16:25  Refinery  
  132  16:28  SCV  
  132  16:31  Refinery  
  133  16:33  SCV, Marine, Refinery  
  133  16:34  Marine x4  
  133  16:35  Viking  
  133  16:36  Banshee, Missile Turret, Viking  
  146  16:40  SCV  
  146  16:45  SCV  
  148  16:51  Marine  
  148  16:52  SCV, Marine x4  
  154  16:57  SCV  
  155  17:04  SCV  
  155  17:05  Banshee x2  
  162  17:09  SCV x2  
  162  17:10  Marine  
  162  17:14  Viking x2  
  169  17:16  SCV, Marine  
  169  17:17  Marine x3  
  169  17:19  Viking  
  169  17:20  Terran Vehicle Weapons Level 3  
  169  17:21  SCV  
  159  17:28  Marine  
  160  17:33  SCV, Refinery  
  160  17:34  Marine  
  160  17:35  Marine x2  
  164  17:38  Refinery  
  164  17:42  Missile Turret  
  164  17:44  Viking x2  
  166  17:45  SCV  
  166  17:48  Banshee, Viking x2  
  176  17:56  Terran Infantry Armor Level 3  
  176  17:57  SCV, Terran Infantry Weapons Level 3  
  177  18:14  Medivac, Viking  
  177  18:18  Marine x3, Banshee x2  
  177  18:19  Marine x2  
  192  18:24  SCV  
  193  18:31  Banshee  
  193  18:32  Missile Turret  
  196  18:36  Marine x2, SCV  
  196  18:37  Barracks  
  199  18:48  SCV  
  200  18:50  Bunker  
  195  19:00  SCV  
  195  19:01  Banshee  
  195  19:02  Viking  
  197  19:12  SCV  
  197  19:14  Missile Turret  
  198  19:21  SCV  
  199  19:24  SCV  
  200  19:36  Terran Vehicle And Ship Armor Level 3  
  200  19:37  Command Center  
  186  20:11  Marine  
  186  20:12  Marine  
  188  20:15  Marine  
  188  20:27  Command Center  
  187  20:33  Marine x2, Hi-Sec Auto Tracking  
  187  20:34  Marine x3, Neosteel Armor  
  173  20:36  Command Center  
  173  20:37  Missile Turret  
  173  20:51  Marine x3  
  173  20:52  Marine x2  
  178  21:01  Command Center  
  178  21:04  Planetary Fortress  
  178  21:06  Missile Turret  
  178  21:08  Missile Turret  
  178  21:09  Marine x4  
  182  21:14  Barracks Reactor  
  182  21:20  Missile Turret  
  182  21:26  Marine  
  182  21:27  Marine  
  184  21:58  Marine  
  184  21:59  Marine  
  186  22:01  Planetary Fortress  
  186  22:06  Missile Turret  
  186  22:16  Marine, Missile Turret  
  186  22:17  Marine  
  186  22:20  Marine  
  186  22:21  Marine x4  
  193  22:25  Viking x3  
  199  22:34  Marine x2  
  185  22:38  Marine  
  185  22:39  Marine x4  
  158  22:52  Marine x2  
  158  22:56  Marine  
  158  22:57  Marine x3  
  135  24:15  SCV  
  134  24:19  Marine x2  
  134  24:27  SCV  
  134  24:33  Missile Turret, Planetary Fortress  
  134  24:37  Marine x2, Command Center  
  132  24:39  SCV  
  132  24:45  Medivac x4  
  137  24:46  Medivac  
  137  24:52  SCV, Missile Turret  
  144  24:54  Marine  
  144  24:55  Marine  
  146  25:01  Refinery  
  146  25:04  SCV  
  147  25:08  Refinery  
  147  25:09  Refinery  
  147  25:12  Marine  
  147  25:13  Marine  
  149  25:15  Medivac x5  
  149  25:16  SCV, Marine  
  149  25:17  Marine x4  
  149  25:20  SCV  
  166  25:23  SCV  
  166  25:28  SCV  
  168  25:30  Marine x2  
  168  25:32  SCV  
  168  25:34  Marine x2  
  168  25:35  Marine x3  
  176  25:36  SCV x2  
  176  25:37  Missile Turret  
  176  25:40  SCV  
  176  25:45  Viking x3  
  176  25:48  SCV x2, Marine x2  
  176  25:50  Banshee  
  176  25:52  Marine x4, SCV  
  176  25:53  Marine  
  176  25:54  Banshee  
  187  26:00  SCV x2  
  187  26:01  Missile Turret  
  189  26:04  SCV  
  189  26:06  Marine x2  
  189  26:10  Marine x3  
  195  26:27  Supply Depot  
  195  26:31  Supply Depot  
  195  26:33  Supply Depot  
  195  26:45  Marine x2, SCV  
  195  26:46  SCV x2  
  194  26:47  Banshee x2  
  194  26:48  Banshee  
  179  26:58  SCV x2  
  171  27:10  SCV  
  172  27:22  SCV  
  173  27:30  Banshee x2  
  173  27:34  SCV  
Show
View Real Time Build Order
Export as new Build Order

antagomiR Protoss 

Build Orders:  

Get SALT Encoding   

  12  0:01  Probe  
  13  0:13  Probe  
  14  0:18  Pylon  
  14  0:25  Probe  
  15  0:37  Probe (Chrono Boost)  
  15  0:38  Gateway  
  16  0:49  Probe (Chrono Boost)  
  17  0:51  Assimilator  
  17  0:54  Probe (Chrono Boost)  
  18  1:03  Probe  
  19  1:05  Assimilator  
  19  1:15  Probe  
  20  1:26  Cybernetics Core  
  20  1:29  Pylon  
  20  1:38  Probe  
  21  1:51  Probe  
  22  1:59  Warp Gate (Chrono Boost)  
  22  2:03  Probe  
  22  2:08  Robotics Facility  
  23  2:10  Adept (Chrono Boost)  
  25  2:26  Probe  
  26  2:34  Nexus  
  26  2:43  Stalker  
  28  2:58  Gateway  
  28  3:05  Gateway  
  28  3:10  Pylon  
  28  3:12  Observer  
  29  3:24  Probe  
  30  3:35  Immortal  
  30  3:36  Probe  
  35  3:47  Sentry  
  35  3:48  Probe  
  38  3:53  Stalker  
  40  3:58  Probe  
  40  4:00  Probe  
  42  4:11  Pylon  
  42  4:12  Probe x2  
  45  4:24  Probe  
  45  4:25  Observer  
  45  4:28  Sentry  
  45  4:29  Sentry  
  50  4:42  Zealot  
  50  4:45  Pylon  
  52  4:50  Probe x2, Pylon, Assimilator  
  54  4:56  Shield Battery  
  54  5:02  Probe x2  
  56  5:14  Probe x2  
  54  5:27  Pylon  
  52  5:30  Stalker x2  
  50  5:45  Stalker  
  52  5:58  Assimilator  
  52  6:10  Immortal  
  56  6:12  Stalker x3  
  56  6:16  Probe x2  
  64  6:28  Probe x2  
  66  6:34  Forge  
  66  6:42  Stargate x2  
  66  6:50  Stalker  
  66  6:51  Stalker  
  70  7:07  Observer  
  71  7:09  Shield Battery  
  71  7:12  Photon Cannon  
  71  7:19  Photon Cannon  
  71  7:22  Pylon  
  71  7:25  Protoss Ground Weapons Level 1 (Chrono Boost)  
  71  7:28  Stalker x2  
  71  7:29  Pylon  
  75  7:45  Photon Cannon  
  75  7:50  Photon Cannon  
  75  8:26  Twilight Council  
  74  8:34  Stalker x2  
  74  8:35  Stalker  
  80  8:56  Nexus  
  80  9:00  Blink (Chrono Boost)  
  80  9:01  Pylon  
  80  9:02  Pylon  
  80  9:06  Pylon  
  80  9:08  Probe x2  
  82  9:20  Probe x2  
  82  9:23  Photon Cannon  
  84  9:27  Photon Cannon  
  84  9:32  Probe  
  84  9:33  Probe  
  84  9:35  Photon Cannon  
  86  9:43  Assimilator  
  86  9:44  Probe  
  86  9:45  Probe  
  88  9:52  Assimilator, Stalker  
  90  10:07  Protoss Ground Weapons Level 2  
  90  10:22  Pylon  
  90  10:24  Photon Cannon  
  88  10:29  Pylon  
  88  10:32  Pylon  
  88  10:33  Pylon  
  88  10:38  Phoenix  
  88  10:45  Stalker  
  90  10:51  Stalker x2  
  90  10:54  Charge  
  94  11:24  Stalker x3  
  100  11:43  Photon Cannon  
  100  11:46  Gateway  
  100  11:48  Gateway  
  100  11:50  Gateway  
  100  11:52  Gateway  
  100  11:57  Gateway  
  98  12:11  Photon Cannon  
  98  12:19  Assimilator  
  98  12:23  Void Ray  
  98  12:24  Void Ray  
  98  12:27  Fleet Beacon  
  98  12:29  Stalker x3  
  112  12:48  Probe x3  
  115  13:00  Probe x3  
  118  13:06  Void Ray x2  
  118  13:12  Probe x3  
  107  13:24  Probe x2  
  107  13:25  Probe  
  97  13:29  Pylon  
  97  13:35  Pylon  
  97  13:36  Probe  
  97  13:37  Probe x2  
  97  13:39  Pylon  
  100  13:46  Protoss Ground Weapons Level 3 (Chrono Boost)  
  100  13:48  Stargate  
  100  13:54  Void Ray  
  104  13:56  Tempest  
  104  14:00  Probe x3  
  112  14:12  Probe  
  113  14:34  Photon Cannon  
  113  14:35  Photon Cannon  
  113  14:36  Observer  
  113  14:37  Tempest, Photon Cannon  
  119  14:38  Tempest  
  119  14:39  Stalker x4  
  119  14:40  Stalker x3  
  138  15:06  Nexus  
  137  15:09  Pylon  
  137  15:12  Pylon, Stalker x4  
  139  15:27  Tempest  
  126  15:48  Probe  
  126  15:49  Probe  
  128  15:50  Nexus  
  128  15:51  Pylon  
  128  15:54  Pylon  
  128  15:57  Sentry  
  128  16:01  Probe x2  
  126  16:07  Stalker  
  126  16:08  Stalker x5  
  138  16:16  Photon Cannon  
  138  16:17  Photon Cannon  
  138  16:23  Shield Battery  
  138  16:24  Shield Battery  
  138  16:32  Photon Cannon  
  138  16:35  Photon Cannon  
  138  16:37  Probe x2  
  140  16:40  Assimilator  
  140  16:42  Stalker  
  140  17:25  Void Ray x3  
  152  17:41  Photon Cannon  
  152  17:43  Photon Cannon  
  152  17:44  Photon Cannon  
  152  17:47  Photon Cannon  
  152  17:49  Protoss Air Weapons Level 1  
  152  18:08  Void Ray  
  156  18:12  Void Ray x2  
  156  18:13  Assimilator  
  156  18:17  Assimilator, Stalker  
  166  18:21  Assimilator  
  166  18:41  Pylon  
  166  18:43  Pylon  
  166  18:45  Pylon  
  164  18:51  Void Ray  
  157  18:55  Tempest  
  158  19:10  Zealot  
  158  19:11  Zealot x5  
  158  19:12  Zealot  
  172  19:22  Tempest  
  177  19:34  Tempest  
  177  19:37  Stalker  
  177  19:38  Stalker  
  175  19:58  Protoss Air Armor Level 1  
  167  20:38  Void Ray x2  
  167  20:39  Tempest  
  180  20:44  Stalker x2  
  180  20:45  Stalker  
  181  21:03  Zealot x2  
  181  21:04  Zealot x2  
  189  21:15  Zealot  
  189  21:16  Zealot x2  
  195  21:25  Zealot  
  193  21:40  Tempest  
  192  21:48  Zealot x2  
  194  22:01  Zealot  
  188  22:42  Stalker x4  
  188  22:43  Stalker x2  
  88  23:21  Void Ray x2 (Chrono Boost)  
  88  23:22  Void Ray (Chrono Boost)  
  64  23:35  Stalker  
  64  23:36  Stalker x5  
  64  23:37  Stalker  
  73  23:57  Void Ray x3 (Chrono Boost)  
  77  24:05  Protoss Air Weapons Level 2  
  75  24:11  Stalker x3  
  75  24:12  Zealot x2, Stalker x2  
  80  24:36  Void Ray  
  80  24:37  Void Ray x2  
  91  24:43  Shield Battery  
  91  24:44  Shield Battery  
  91  24:47  Photon Cannon, Zealot x4  
  91  24:48  Zealot x3  
  105  24:55  Nexus  
  105  25:13  Stalker x3  
  105  25:14  Zealot x4  
  119  25:27  Phoenix x2  
  123  25:57  Pylon  
  123  25:58  Shield Battery  
  123  26:00  Photon Cannon  
  123  26:01  Photon Cannon  
  123  26:14  Zealot, Stalker x3  
  123  26:15  Zealot x2  
  135  26:25  Sentry  
  111  26:51  Zealot x2  
  111  26:52  Zealot x2  
  58  26:58  Zealot  
Tags
 
Matchup
PvT
Replay Pack
20200422
Spawn Locations
Cross Positions
Add a new tag
Caveats
  • Supply blocks, unpowered buildings, or Contaminate may cause inaccurate times.
  • Supply counts are checked every 10 seconds.